 Dungeon Crawl Stone Soup version 0.20.1-1-g8b1a95d (webtiles) character file.

1474 Monsterracer the Ruffian (level 8, -4/73 HPs)
             Began as a Minotaur Transmuter on Oct 23, 2017.
             Was an Initiate of Ru.
             Slain by an orc warrior
             ... wielding a +0 battleaxe
              (22 damage)
             ... on level 5 of the Dungeon.
             The game lasted 00:11:40 (6741 turns).

Monsterracer the Ruffian (Minotaur Transmuter)      Turns: 6741, Time: 00:11:41

Health: -4/73      AC:  4    Str: 17    XL:     8   Next: 49%
Magic:  9/9        EV: 14    Int: 10    God:    Ru [......]
Gold:   223        SH:  0    Dex:  9    Spells: 1/9 levels left

rFire    . . .     SeeInvis .     - Unarmed
rCold    + . .     Gourm    .   (no shield)
rNeg     . . .     Faith    .   r - +2 leather armour {rC+}
rPois    .         Spirit   .   (helmet restricted)
rElec    .         Reflect  .   (no cloak)
rCorr    .         Harm     .   (no gloves)
MR       .....                  (no boots)
Stlth    +++.......             o - amulet of magic regeneration
Regen    0.3/turn               j - ring of stealth
MPRegen  0.2/turn               (no ring)

@: no status effects
A: retaliatory headbutt, horns 2, camouflage 1, clumsy 1, deformed body
a: Renounce Religion


You were on level 5 of the Dungeon.
You worshipped Ru.
Ru was noncommittal.
You were not hungry.

You visited 1 branch of the dungeon, and saw 6 of its levels.

You collected 223 gold pieces.

Inventory:

Armour
 i - a +1 chain mail
 r - a +2 leather armour of cold resistance (worn)
Jewellery
 j - a ring of stealth (left hand)
 o - an amulet of magic regeneration (around neck)
Wands
 h - a wand of iceblast (6/15)
 k - a wand of polymorph (14/24)
Scrolls
 b - 3 scrolls of blinking
 c - a scroll of fog
 m - 3 scrolls of remove curse
 t - a scroll of teleportation
Potions
 e - a potion of mutation
 g - a potion of curing
 n - a potion of cancellation
 p - 2 potions of heal wounds
 q - a potion of brilliance
Comestibles
 a - 2 royal jellies
 d - 4 bread rations
 l - 2 meat rations


   Skills:
 + Level 7.2 Fighting
 - Level 4.6 Armour
 + Level 5.6 Dodging
 * Level 7.3 Unarmed Combat
 - Level 1.3 Spellcasting
 - Level 1.5 Transmutations


You had one spell level left.
You knew the following spells:

 Your Spells              Type           Power        Failure   Level  Hunger
a - Beastly Appendage     Tmut           #.....       21%         1    ##.....
b - Sticks to Snakes      Tmut           #.......     30%         2    ###....
c - Blade Hands           Tmut           #.........   99%         5    ######.


Dungeon Overview and Level Annotations

Branches:
Dungeon (6/15)
 Temple: D:4-7

Altars:
Elyvilon
Hepliaklqana
Qazlal
Ru
Sif Muna
Yredelemnul
Zin

Annotations:
D:2 Sigmund
D:4 Menkaure


Innate Abilities, Weirdness & Mutations

You reflexively headbutt those who attack you in melee.
You have a pair of horns on your head.
Your skin changes colour to match your surroundings (Stealth+).
You are clumsy. (Dex -2)
Armour fits poorly on your strangely shaped body.


Message History

The orc warrior closely misses you.
You closely miss the orc warrior.
The orc warrior is lightly wounded.
The orc warrior hits you with a battleaxe!
Huge Dmg: -21%(-16hp) hp: 79%(57hp)
You hit the orc warrior but do no damage.
Your headbutt misses the orc warrior.
The orc warrior is lightly wounded.
You are feeling very hungry.
You completely miss the orc warrior.
The orc warrior is lightly wounded.
The orc warrior barely misses you. You furiously retaliate!
You headbutt the orc warrior. You barely miss the orc warrior.
Your headbutt misses the orc warrior.
The orc warrior is lightly wounded.
The orc warrior barely misses you.
Unknown command.
You closely miss the orc warrior. You headbutt the orc warrior.
The orc warrior is lightly wounded.
You hit the orc warrior.
The orc warrior is moderately wounded.
The orc warrior barely misses you.
You closely miss the orc warrior.
The orc warrior is moderately wounded.
The orc warrior hits you with a battleaxe!!
* * * LOW HITPOINT WARNING * * *
Huge Dmg: -38%(-28hp) hp: 42%(30hp)
You barely miss the orc warrior.
The orc warrior is moderately wounded.
You closely miss the orc warrior. You headbutt the orc warrior.
The orc warrior is moderately wounded.
The orc warrior closely misses you.
Press: ? - help, v - describe, . - travel
Here: an orc warrior, wielding a battleaxe and wearing a plate armour (moderately wounded)
The floor.
The orc warrior barely misses you.
The orc warrior hits you with a battleaxe!
* * * LOW HITPOINT WARNING * * *
Huge Dmg: -23%(-17hp) hp: 25%(18hp)
There is a stone staircase leading up here.
You climb upwards.
Level annotation: Menkaure
There is a stone staircase leading down here.
Unknown command.
You start resting.
You are near starving!
You eat the fruit.
You are feeling hungry.
That pear was delicious!
You start resting.
You are feeling very hungry.
Unknown command.
There is a stone staircase leading down here.
You climb downwards.
The orc warrior hits you with a battleaxe.
There is a stone staircase leading up here.
Damage: -1%(-1hp) hp: 99%(72hp) Unknown command.
You closely miss the orc warrior. You headbutt the orc warrior.
The orc warrior is lightly wounded.
The orc warrior hits you with a battleaxe!
Damage: -14%(-10hp) hp: 85%(62hp)
You hit the orc warrior.
The orc warrior is lightly wounded.
You completely miss the orc warrior.
The orc warrior is lightly wounded.
The orc warrior barely misses you.
You closely miss the orc warrior.
The orc warrior is lightly wounded.
The orc warrior hits you with a battleaxe!!
Huge Dmg: -27%(-20hp) hp: 58%(42hp)
You punch the orc warrior! Your headbutt misses the orc warrior.
The orc warrior is heavily wounded.
You completely miss the orc warrior.
The orc warrior is heavily wounded.
The orc warrior hits you with a battleaxe!!
* * * LOW HITPOINT WARNING * * *
Huge Dmg: -27%(-20hp) hp: 31%(22hp)
You see here a giant club.
You see here an arrow.
There is a stone staircase leading up, spattered with blood here.
You see here a giant club.
You see here an arrow.
There is a stone staircase leading up, spattered with blood here.
You see here a giant club.
You see here an arrow.
There is a stone staircase leading up, spattered with blood here.
You climb upwards.
Level annotation: Menkaure
There is a stone staircase leading down here.
Unknown command.
You eat one of the 3 meat rations.
That meat ration really hit the spot!
Menkaure calls on the powers of darkness!
Your body is wracked with pain!
* * * LOW HITPOINT WARNING * * *
Huge Dmg: -19%(-14hp) hp: 24%(17hp)
There is a stone staircase leading down here.
You climb downwards.
The orc warrior hits you with a battleaxe!!
You die...

#..# #.# #..# #.#
####################### #..#
#.# ......................#
#..# #.#
###...........>.#####.# #..#
#.# #..##########.#####.###..#
#.# #..# #............# #.#
#..# #..####.##...# #.#
#..##### #o@####)##...# #.#
#......# #..(...(.#...####.#
#.####.#######................#
#....>......##..###..#...######
#.####.####.##...........#
#...##.# #.##...##..#.#.#
###.##.# ##....#.##..#.#.#
#.##.# #.............#.# ###
#.##.# #....$>.....###.#


You could see an orc warrior.

Vanquished Creatures
  Grinder (D:3)
  Eustachio (D:4)
  A sky beast (D:5)
  An ogre (D:5)
  A centaur (D:5)
  Blork the orc (D:4)
  A bullfrog (D:6)
  2 scorpions (D:5)
  A jelly (D:6)
  An orc wizard (D:5)
  2 hounds
  Ijyb (D:5)
  A bullfrog skeleton (D:4)
  An orc priest (D:3)
  2 iguanas
  4 worker ants
  Robin (D:2)
  3 gnolls
  A howler monkey skeleton (D:2)
  9 adders
  A shadow imp (D:5)
  An ooze (D:3)
  2 adder zombies (D:2)
  An adder skeleton (D:2)
  6 worms
  A dart slug (D:1)
  3 leopard geckos
  12 orcs
  10 bats
  A bat zombie (D:2)
  3 giant cockroaches
  19 goblins
  13 hobgoblins
  13 jackals
  4 quokkas
  2 ball pythons
  A ball python zombie (D:2)
  10 frilled lizards
  A giant cockroach zombie (D:2)
  A jackal skeleton (D:2)
  A jackal zombie (D:2)
  5 kobolds
  A leopard gecko skeleton (D:2)
  A leopard gecko zombie (D:5)
  A quokka skeleton (D:2)
  4 rats
154 creatures vanquished.

Notes
Turn   | Place    | Note
-------+----------+-------------------------------------------
     0 | D:1      | Monsterracer the Minotaur Transmuter began the quest for the Orb.
     0 | D:1      | Reached XP level 1. HP: 16/16 MP: 1/1
   360 | D:1      | Reached XP level 2. HP: 25/25 MP: 3/3
   912 | D:1      | Reached XP level 3. HP: 31/31 MP: 4/4
  1306 | D:2      | Reached XP level 4. HP: 26/41 MP: 5/5
  1328 | D:2      | Reached skill level 1 in Armour
  1630 | D:2      | Noticed Sigmund
  1698 | D:2      | Noticed Robin
  1727 | D:2      | HP: 18/41 [goblin/dagger[Robin] (3)]
  1729 | D:2      | Killed Robin
  2014 | D:2      | Reached skill level 5 in Fighting
  2034 | D:2      | Found a sacrificial altar of Ru.
  2046 | D:2      | Became a worshipper of Ru the Awakened
  2050 | D:2      | Learned a level 2 spell: Sticks to Snakes
  2072 | D:2      | Reached XP level 5. HP: 46/48 MP: 6/6
  2319 | D:3      | Found a deep blue altar of Sif Muna.
  2541 | D:3      | Found a hazy altar of Hepliaklqana.
  2541 | D:3      | Found a white marble altar of Elyvilon.
  2579 | D:3      | Found a stormy altar of Qazlal.
  3061 | D:3      | Noticed Grinder
  3072 | D:3      | HP: 19/48 [Grinder/nerve-wracking pain (9)]
  3077 | D:3      | Killed Grinder
  3077 | D:3      | Reached XP level 6. HP: 29/56 MP: 7/7
  3749 | D:4      | Reached skill level 5 in Unarmed Combat
  3749 | D:4      | Reached XP level 7. HP: 40/62 MP: 8/8
  3906 | D:4      | Learned a level 5 spell: Blade Hands
  3985 | D:4      | Noticed Eustachio
  4169 | D:4      | Killed Eustachio
  4376 | D:2      | Fell from the grace of Ru
  4377 | D:2      | Became a worshipper of Ru the Awakened
  4428 | D:4      | Noticed Blork the orc
  4437 | D:4      | Killed Blork the orc
  4604 | D:4      | Noticed Menkaure
  4613 | D:5      | Entered Level 5 of the Dungeon
  4740 | D:5      | Reached XP level 8. HP: 71/71 MP: 9/9
  4908 | D:5      | Found a glowing silver altar of Zin.
  5012 | D:5      | Found a basalt altar of Yredelemnul.
  5030 | D:5      | Noticed Ijyb
  5033 | D:5      | Reached skill level 5 in Dodging
  5049 | D:5      | Killed Ijyb
  5267 | D:5      | Gained mutation: You tend to lose your temper in combat. [mutagenic meat]
  5268 | D:5      | Gained mutation: Armour fits poorly on your strangely shaped body. [mutagenic meat]
  5279 | D:5      | Lost mutation: You tend to lose your temper in combat. [mutagenic meat]
  5280 | D:5      | Gained mutation: Your skin changes colour to match your surroundings (Stealth+). [mutagenic meat]
  5281 | D:5      | Gained mutation: You are clumsy. (Dex -2) [mutagenic meat]
  5536 | D:6      | HP: 33/71 [jelly (3)]
  5946 | D:6      | HP: 35/73 [worm (5)]
  5960 | D:6      | HP: 36/73 [adder (1)]
  6137 | D:6      | HP: 34/73 [orc wizard/magic dart (5)]
  6154 | D:6      | HP: 30/73 [orc/short sword (1)]
  6411 | D:5      | HP: 30/73 [orc warrior/battleaxe (28)]
  6433 | D:5      | HP: 18/73 [orc warrior/battleaxe (17)]
  6696 | D:5      | HP: 22/73 [orc warrior/battleaxe (21)]
  6737 | D:4      | HP: 17/73 [??? (14)]
  6741 | D:5      | Slain by an orc warrior

Skill      XL: |  1  2  3  4  5  6  7  8 |
---------------+-------------------------+-----
Fighting       | 2 3 4 5 6 7 |  7.2
Armour         | 1 2 3 4 |  4.6
Dodging        | 3 4 5 |  5.6
Unarmed Combat | 4 5 6 7 |  7.3
Spellcasting   | |  1.3
Transmutations | |  1.5

Action                   |  1- 3 |  4- 6 |  7- 9 || total
-------------------------+-------+-------+-------++-------
Melee: Unarmed           |   106 |   201 |   214 ||   521
       Headbutt          |    12 |    24 |    43 ||    79
       Kick              |     1 |     5 |       ||     6
       Punch             |     1 |       |     7 ||     8
 Cast: Beastly Appendage |     3 |     1 |       ||     4
Invok: Reject Sacrifices |       |       |     1 ||     1
       Renounce Religion |       |       |     1 ||     1
  Use: Scroll            |       |     9 |     6 ||    15
       Potion            |       |     1 |       ||     1
 Stab: Sleeping          |       |     2 |       ||     2
       Paralysed         |       |     1 |       ||     1
  Eat: Chunk             |     1 |     8 |    13 ||    22
       Meat ration       |       |       |     1 ||     1
       Fruit             |       |       |     1 ||     1
Armor: Ring mail         |    29 |    48 |       ||    77
       Robe              |     5 |       |       ||     5
       Scale mail        |       |    28 |    11 ||    39
       Skin              |       |     2 |     2 ||     4
       Chain mail        |       |       |    25 ||    25
       Leather armour    |       |       |    12 ||    12
Dodge: Dodged            |    69 |   113 |   103 ||   285

Vault maps used:
D:1:      sevenhm_arrival_forest_fort_large_2, minmay_tromino_v4_a
D:2:      nicolae_ru_great_annihilating_truth, serial_undead, serial_undead_d,
          serial_undead_c, serial_undead_e, serial_undead_d, first_bread,
          uniq_sigmund, uniq_robin
D:3:      led_sif_pool, lemuel_coloured_pillars_altar,
          gammafunk_temple_overflow_wave, uniq_grinder
D:4:      xom_teletrap_fun, nemelex_altar_shiori, minmay_cupped,
          uniq_blork_the_orc, uniq_menkaure, uniq_eustachio
D:5:      yredelemnul_altar_generic, old_standard_altar, minmay_misc_feat_room,
          uniq_ijyb
D:6:      serial_shops, shop, uniq_prince_ribbit1
